AoeStats
← f.mark96

Highland

505299794Analyzed
3v3 RM · 22d ago on Sep 8, 2026· 38m 25s· 6 players
Game mode
Random Map
Map size
Normal (6 player)
Population
200
Speed
Normal
Resources
Standard
Victory
Conquest
Starting age
Dark Age
Ending age
Imperial Age
RankedLock teamsTeams togetherTeam positionsShared explorationLock speedFull tech treeHidden civsTurbo modeCheats
Victory
Defeat
🇮🇹 Ethiopians · Italy
1325
+11
🇮🇹 Khmer · Italy
1039
+23
🇮🇹 Aztecs · Italy
1022
+23
🇭🇺 Tupi · Hungary
1228
-20
🇭🇺 Romans · Hungary
1194
-19
🇭🇺 Mapuche · Hungary
1180
-18
Raziel2162
6:59 Loom
9:28 Feudal Age
12:13 Wheelbarrow
11:34 Double-Bit Axe
13:12 Fletching
16:35 Horse Collar
22:44 Castle Age
23:27 Bodkin Arrow
22:53 Crossbowman
25:05 Bow Saw
26:00 Gold Mining
26:22 Stone Mining
28:00 Ballistics
30:14 Hand Cart
35:00 Imperial Age
33:59 Thumb Ring
35:11 Heavy Plow
35:15 Padded Archer Armor
35:04 Arbalester
36:55 Bracer
38:11 Chemistry
Galadh
7:47 Loom
10:16 Feudal Age
11:22 Double-Bit Axe
11:30 Gold Mining
14:10 Fletching
15:03 Padded Archer Armor
18:26 Wheelbarrow
23:53 Castle Age
24:43 Bodkin Arrow
24:09 Crossbowman
25:25 Bow Saw
26:05 Leather Archer Armor
28:14 Ballistics
28:05 Horse Collar
29:13 Scale Mail Armor
29:54 Elite Skirmisher
29:59 Eagle Warrior
31:42 Chain Mail Armor
31:33 Murder Holes
32:14 Arson
32:33 Squires
32:33 Gambesons
35:08 Forging
37:44 Iron Casting
39:13 Gold Shaft Mining
PadreDiSerse
6:57 Loom
10:10 Feudal Age
10:46 Double-Bit Axe
10:42 Horse Collar
18:59 Castle Age
17:58 Gold Mining
17:59 Stone Mining
20:22 Wheelbarrow
20:09 Scale Barding Armor
20:15 Forging
20:35 Bow Saw
22:54 Heavy Plow
23:27 Husbandry
25:34 Bloodlines
27:44 Iron Casting
29:58 Chain Barding Armor
30:56 Hand Cart
33:54 Imperial Age
34:26 Gold Shaft Mining
35:23 Conscription
35:42 Crop Rotation
34:38 Cavalier
36:22 Blast Furnace
36:24 Plate Barding Armor
36:24 Caravan
37:08 Double Crossbow
37:15 Elite Ballista Elephant
f.mark96
8:13 Loom
11:34 Feudal Age
15:18 Castle Age
14:48 Fletching
14:59 Padded Archer Armor
14:49 Double-Bit Axe
14:44 Horse Collar
15:58 Stone Mining
16:23 Bow Saw
19:12 Bodkin Arrow
21:14 Leather Archer Armor
24:09 Gold Mining
27:26 Wheelbarrow
27:06 Forging
29:29 Ballistics
31:49 Scale Mail Armor
32:02 Champi Runner
33:05 Champi Warrior
35:08 Heavy Plow
35:44 Gold Shaft Mining
35:11 Pikeman
36:14 Squires
36:00 Arson
36:31 Chain Mail Armor
36:26 Town Watch
36:57 Hand Cart
mark.mate96
1:04 Loom
1:54 Loom
2:39 Loom
11:18 Feudal Age
16:42 Castle Age
18:17 Double-Bit Axe
19:11 Fletching
23:05 Horse Collar
25:50 Bow Saw
29:26 Heavy Plow
28:50 Pikeman
29:32 Squires
31:47 Ballistics
35:44 Imperial Age
33:50 Wheelbarrow
34:13 Forging
34:04 Scale Mail Armor
35:19 Gold Mining
35:34 Stone Mining
36:39 Chain Mail Armor
37:17 Scale Barding Armor
37:31 Heavy Scorpion
Saxon_deez
4:55 Loom
11:49 Feudal Age
12:23 Double-Bit Axe
13:56 Horse Collar
18:55 Gold Mining
19:14 Fletching
22:09 Castle Age
20:38 Padded Archer Armor
20:40 Stone Mining
22:51 Bodkin Arrow
23:14 Medium Warships
24:46 Leather Archer Armor
24:19 Elite Skirmisher
25:11 Bow Saw
27:38 Wheelbarrow
27:22 Pikeman
28:05 Heavy Plow
29:39 Scale Mail Armor
29:30 Town Watch
34:29 Malon
35:11 Gold Shaft Mining
38:29 Chain Mail Armor
Connection lost

Rejoining the realm…

Still unreachable

The connection could not be restored.

Session expired

The server has moved on; the page needs a fresh start.